Map: Vergeltung LE

Players

AcE

  • Race: Zerg Zerg
  • League: Bronze
  • Spawn Location: 1:00

K.I.-1 (Sehr leicht) - Winner!

  • Race: Protoss Protoss
  • Spawn Location: 7:00

VOD

Have the link to the VOD?

Description

Time

  • Played on: Jan. 29, 2016, 8:31 a.m.
  • Length: 5:41
Show
View Real Time Build Order
Export as new Build Order

AcE Zerg 

Build Orders: Hatch First 

Get SALT Encoding   

  12  0:01  Drone  
  13  0:11  Drone  
  14  0:17  Overlord  
  14  0:35  Drone  
  14  0:36  Drone  
  14  0:38  Drone  
  17  0:55  Hatchery  
  16  0:57  Drone  
  17  1:07  Extractor  
  16  1:12  Spawning Pool  
  16  1:15  Drone  
  16  1:19  Drone  
  17  1:27  Overlord  
  17  1:35  Drone  
  18  1:48  Drone  
  19  1:54  Drone  
  19  1:58  Queen  
  22  2:02  Drone  
  23  2:12  Drone  
  23  2:14  Queen  
  27  2:22  Drone  
  27  2:23  Drone  
  28  2:39  Drone x3  
  28  2:44  Overlord  
  31  2:53  Drone x2  
  33  3:00  Extractor  
  32  3:09  Overlord  
  32  3:10  Overlord x2  
  32  3:13  Drone x2  
  32  3:14  Drone  
  35  3:25  Overlord  
  35  3:26  Overlord  
  35  3:27  Hatchery  
  34  3:29  Drone x2  
  34  3:31  Drone  
  37  3:40  Drone x2  
  39  3:41  Drone  
  39  3:44  Drone  
  39  3:45  Drone  
  42  3:49  Extractor  
  42  3:51  Extractor  
  42  3:55  Drone  
  41  3:57  Metabolic Boost  
  41  4:01  Drone x3  
  44  4:13  Drone x3  
  44  4:16  Overlord x2  
  47  4:18  Drone  
  47  4:23  Drone  
  49  4:32  Drone  
  49  4:33  Drone  
  49  4:37  Hatchery  
  50  4:43  Queen  
  52  4:46  Drone  
  52  4:47  Drone x7  
  60  4:53  Drone x2  
  62  5:04  Drone x3  
  65  5:07  Overlord  
  65  5:17  Zergling x4  
  65  5:18  Zergling x10  
  72  5:31  Extractor x2  
Show
View Real Time Build Order
Export as new Build Order

K.I.-1 (Sehr leicht) Protoss - Winner!

Build Orders: 1 Gate Expand, Nexus First 

Get SALT Encoding   

  12  0:01  Probe (Chrono Boost)  
  13  0:11  Probe (Chrono Boost)  
  14  0:22  Pylon  
  14  0:43  Gateway  
  14  1:01  Nexus  
  14  1:21  Pylon  
  14  1:24  Assimilator  
  14  1:28  Zealot  
  16  1:38  Cybernetics Core  
  17  1:40  Probe (Chrono Boost)  
  17  1:51  Probe (Chrono Boost)  
  18  2:02  Probe (Chrono Boost), Assimilator  
  19  2:12  Probe (Chrono Boost)  
  19  2:13  Stalker  
  20  2:17  Probe (Chrono Boost)  
  20  2:18  Warp Gate  
  23  2:25  Probe (Chrono Boost)  
  24  2:31  Probe (Chrono Boost)  
  25  2:40  Probe (Chrono Boost)  
  26  2:55  Probe (Chrono Boost)  
  26  2:56  Assimilator  
  27  2:59  Pylon  
  27  3:03  Probe (Chrono Boost)  
  28  3:11  Probe (Chrono Boost)  
  28  3:12  Robotics Facility  
  29  3:16  Probe (Chrono Boost)  
  30  3:25  Probe (Chrono Boost)  
  31  3:31  Probe (Chrono Boost), Zealot  
  34  3:39  Probe (Chrono Boost)  
  35  3:46  Probe (Chrono Boost)  
  36  3:54  Probe (Chrono Boost)  
  37  4:01  Probe (Chrono Boost), Observer  
  39  4:07  Probe (Chrono Boost)  
  40  4:14  Probe (Chrono Boost)  
  41  4:21  Observer, Assimilator  
  41  4:23  Probe (Chrono Boost)  
  43  4:30  Probe (Chrono Boost)  
  44  4:38  Probe (Chrono Boost)  
  45  4:42  Pylon  
  45  4:44  Probe (Chrono Boost)  
  46  4:49  Sentry  
  46  4:52  Probe (Chrono Boost)  
  49  4:58  Probe (Chrono Boost)  
Tags
 
Add a new tag
Caveats
  • Supply blocks, unpowered buildings, or Contaminate may cause inaccurate times.
  • Supply counts are checked every 10 seconds.